Map: Kairos Junction LE

Players

Juxtapose - Winner!

  • Race: Terran Terran
  • Spawn Location: 5:00

VOD

https://youtu.be/PtOZ40TC20Q

Description

In this match I continuing practicing my macro and expanding far faster than I normally would.

While most players open with a scouting Reaper as Terran, I rarely do so myself. I gave it a whirl here, but I'm honestly not a fan of spending the 50 Vespene Gas this way. I'd rather get a Reactor on my Barracks faster and start pumping out Marines.

Perhaps I just need to toy with it more.

Time

  • Played on: Dec. 24, 2018, 12:48 p.m.
  • Length: 17:32
Show
View Real Time Build Order
Export as new Build Order

Juxtapose Terran - Winner!

Build Orders:  

Get SALT Encoding   

  12  0:01  SCV  
  13  0:18  SCV  
  14  0:30  Supply Depot  
  14  0:35  SCV  
  15  1:00  SCV  
  15  1:05  Barracks  
  16  1:17  SCV  
  17  1:20  Refinery  
  17  1:34  SCV  
  18  1:51  SCV  
  19  2:11  Orbital Command  
  19  2:20  Command Center  
  20  2:31  Reaper  
  20  2:43  Refinery  
  20  2:47  SCV  
  21  3:04  SCV  
  22  3:11  Supply Depot  
  22  3:20  SCV  
  22  3:22  Barracks Reactor  
  23  3:41  SCV  
  23  3:44  Factory  
  24  3:58  SCV  
  25  4:08  SCV  
  26  4:15  SCV  
  26  4:18  Unknown  
  27  4:22  Marine x2  
  27  4:28  Orbital Command  
  28  4:32  SCV  
  29  4:47  Marine x2  
  29  4:48  Factory Tech Lab  
  29  4:49  SCV  
  32  4:53  Bunker  
  32  5:06  SCV  
  33  5:13  Starport  
  33  5:16  SCV  
  34  5:23  SCV  
  34  5:27  Engineering Bay  
  34  5:29  Marine x2  
  37  5:33  SCV, Siege Tank  
  41  5:40  SCV  
  42  5:50  SCV  
  42  5:57  SCV, Barracks  
  44  6:05  Refinery  
  44  6:07  SCV  
  44  6:09  Refinery  
  45  6:13  Starport Reactor  
  45  6:14  SCV  
  46  6:24  Supply Depot  
  46  6:49  Terran Infantry Weapons Level 1  
  46  6:54  SCV x2, Marine x2  
  46  6:56  Missile Turret, Supply Depot  
  50  7:00  Missile Turret  
  53  7:16  SCV  
  54  7:23  Barracks Tech Lab  
  54  7:26  SCV  
  54  7:27  Supply Depot  
  58  7:34  Marine x2  
  60  7:46  SCV x2, Supply Depot  
  62  7:56  Stimpack  
  62  7:57  Siege Tank  
  62  7:58  Marauder  
  67  8:03  SCV x2  
  67  8:05  Unknown  
  69  8:17  Marine  
  69  8:18  Marine  
  69  8:19  Supply Depot  
  71  8:26  Medivac x2, Unknown  
  71  8:28  Marauder  
  77  8:43  SCV  
  77  8:49  Siege Tank  
  81  8:53  Command Center  
  81  8:56  Supply Depot  
  81  8:58  Marauder  
  83  9:11  Marine x2  
  85  9:26  Medivac x2  
  85  9:27  Marauder  
  85  9:28  Supply Depot  
  85  9:29  Terran Infantry Armor Level 1  
  91  9:34  Siege Tank  
  91  9:35  Barracks  
  94  9:58  Marauder, SCV x2, Marine x2  
  100  10:06  Supply Depot  
  100  10:15  SCV x2  
  102  10:38  Supply Depot  
  99  10:45  Unknown  
  99  11:03  Marine x3  
  99  11:05  Siege Tank  
  105  11:12  Siege Tank x2  
  105  11:18  Orbital Command  
  105  11:20  SCV x2  
  105  11:28  Marauder  
  115  11:32  Barracks Reactor  
  115  11:33  Marine x2  
  115  11:37  SCV x2  
  119  11:50  Siege Tank  
  119  11:54  SCV  
  119  11:58  Marauder  
  122  12:09  Refinery  
  122  12:12  SCV x3  
  122  12:13  Refinery  
  122  12:14  Siege Tank x5  
  125  12:28  Marauder  
  125  12:29  Unknown x2  
  133  12:35  Concussive Shells  
  133  12:39  SCV  
  133  12:46  SCV x2  
  125  13:11  Marine x2  
  125  13:12  Marauder  
  129  13:29  Unknown x2  
  119  13:42  Marauder  
  119  13:46  Marine  
  119  13:47  Marine  
  119  14:10  Marine x2  
  119  14:11  Marine  
  119  14:12  Marauder, Marine  
  119  14:17  Siege Tank  
  119  14:18  Siege Tank x2  
  125  14:21  Armory  
  125  14:40  Marine x2  
  125  14:42  Marauder  
  125  14:45  Medivac  
  125  14:46  Medivac  
  125  14:49  Command Center  
  133  14:57  Unknown  
  131  15:00  Unknown  
  131  15:01  Unknown  
  131  15:02  Unknown  
  130  15:12  Marauder  
  128  15:24  Marine x2  
  128  15:25  Marine x2  
  128  15:29  Medivac, Siege Tank x4  
  133  15:30  Siege Tank  
  133  15:43  Medivac  
  133  15:46  Marauder  
  133  15:48  Supply Depot  
  133  15:52  Supply Depot  
  133  15:55  Supply Depot, Marine  
  133  15:56  Marine  
  132  16:16  Marauder  
  133  16:28  Supply Depot  
  132  16:41  Marine  
  132  16:42  Marine x3  
  132  16:46  Marauder  
  138  17:01  Supply Depot  
Tags
 
Add a new tag
Caveats
  • Supply blocks, unpowered buildings, or Contaminate may cause inaccurate times.
  • Supply counts are checked every 10 seconds.